 Dungeon Crawl Stone Soup version 0.26.1-2-gb8aa6d0cf2 (webtiles) character file.

Game seed: 1118210752938307079

91 raph the Digger (level 4, 0/24 HPs)
             Began as a Deep Elf Earth Elementalist on Mar 19, 2021.
             Was an Initiate of Ashenzari.
             Slain by an orc
             ... wielding a +1 mace of protection
              (1 damage)
             ... on level 3 of the Dungeon.
             The game lasted 00:04:00 (2375 turns).

raph the Digger (Deep Elf Earth Elementalist)       Turns: 2375, Time: 00:04:00

Health: 0/24       AC:  3    Str:  5    XL:     4   Next: 34%
Magic:  8/11       EV: 12    Int: 21    God:    Ashenzari [......]
Gold:   146        SH:  3    Dex: 15    Spells: 4/10 levels left

rFire    . . .     SeeInvis .   a - +0 short sword
rCold    . . .     Faith    .   l - +0 buckler (curse)
rNeg     . . .     Spirit   .   g - +0 leather armour
rPois    .         Reflect  .   (no helmet)
rElec    .         Harm     .   c - scarf {shadows}
rCorr    .         Rampage  .   (no gloves)
Will     .....                  (no boots)
Stlth    ++........             m - amulet of magic regeneration
HPRegen  0.08/turn              (no ring)
MPRegen  0.37/turn              (no ring)

@: no status effects
A: no striking features
a: Renounce Religion, Curse Item


You were on level 3 of the Dungeon.
You worshipped Ashenzari.
Ashenzari was noncommittal.
You visited 1 branch of the dungeon, and saw 3 of its levels.

You collected 146 gold pieces.

Inventory:

Hand Weapons
 a - a +0 short sword (weapon)
Missiles
 b - 47 stones
Armour
 c - a scarf of shadows (worn)
 g - a +0 leather armour (worn)
 l - a cursed +0 buckler (worn)
Jewellery
 m - an amulet of magic regeneration (around neck)
 o - an uncursed ring of see invisible
 p - an uncursed amulet of faith
Scrolls
 d - a scroll of noise {unknown}
 f - 3 scrolls of identify {unknown}
 h - a scroll of blinking {unknown}
 i - 2 scrolls of remove curse
 j - 2 scrolls of enchant weapon {unknown}
 n - a scroll of magic mapping {unknown}
Potions
 e - 2 potions of curing {unknown}
 k - a potion of heal wounds {unknown}
 q - a potion of lignification {unknown}


   Skills:
 + Level 3.2 Dodging
 + Level 3.4 Stealth
 + Level 3.8 Spellcasting
 - Level 1.1 Transmutations
 * Level 4.4 Earth Magic


You had 4 spell levels left.
You knew the following spells:

 Your Spells              Type           Power        Failure   Level
a - Sandblast             Erth           22%          5%          1
b - Passwall              Tmut/Erth      5%           17%         2
c - Stone Arrow           Conj/Erth      12%          38%         3

Your spell library contained the following spells:

 Spells                   Type           Power        Failure   Level
 Petrify                  Tmut/Erth      7%           73%         4
 Lee's Rapid Deconstruct  Erth           5%           83%         5


Dungeon Overview and Level Annotations

Branches:
Dungeon (3/15)

Altars:
Ashenzari


Message History

The orc is healed somewhat.
The orc hits you but does no damage.
Aiming: Sandblast (safe; 5% risk of failure)
Press: ? - help, Q - select action, (/) - cycle Shift-Dir - straight line, f/p - orc
Aim: an orc, wielding a +1 mace of protection (lightly wounded, 21% to evade)
You feel a numb sensation.
The blast of sand hits the orc but does no damage.
The orc is lightly wounded.
Aiming: Sandblast (safe; 5% risk of failure)
Press: ? - help, Q - select action, (/) - cycle Shift-Dir - straight line, f/p - orc
Aim: an orc, wielding a +1 mace of protection (lightly wounded, 21% to evade)
You feel a numb sensation.
The blast of sand hits the orc but does no damage.
The orc is lightly wounded.
The orc hits you but does no damage.
The orc priest mumbles some strange prayers to Beogh against you.
Beogh smites you!
Ouch! That really hurt!
* * * LOW HITPOINT WARNING * * *
The orc hits you with a +1 mace of protection.
You die...

... #.# #o# #.# ### #.# #.#
#.# #.## ####. #.####
######..##
#....####..o.###........#
#..........o@...........#
...######.#.###.###.#..# #.#
#.#.#.....#.#..#
######.#######.###.#.#.###..#
.......<..................).#
...........###.###.#.#.###..#
####.......###.#...#.#...#..#
#...........#.###.###.#..#
#.†.....##.......... ....#


You could see an orc priest and an orc.

Vanquished Creatures
  A hound skeleton (D:2)
  2 adders (D:2)
  2 oozes
  An adder skeleton (D:2)
  An adder zombie (D:2)
  2 dart slugs
  3 leopard geckos
  An orc (D:3)
  3 goblins (D:2)
  8 hobgoblins
  5 kobolds
  3 frilled lizards (D:2)
  A leopard gecko skeleton (D:2)
  3 quokka zombies (D:2)
  5 rats
41 creatures vanquished.

Notes
Turn   | Place    | Note
-------+----------+-------------------------------------------
     0 | D:1      | raph the Deep Elf Earth Elementalist began the quest for
                  | the Orb.
     0 | D:1      | Reached XP level 1. HP: 10/10 MP: 6/6
   364 | D:1      | Reached XP level 2. HP: 15/15 MP: 6/8
  1126 | D:2      | Learned a level 2 spell: Passwall
  1209 | D:2      | Reached XP level 3. HP: 13/19 MP: 5/9
  1416 | D:2      | Learned a level 3 spell: Stone Arrow
  1418 | D:2      | Found a broken altar of Ashenzari.
  1476 | D:2      | Reached skill level 4 in Earth Magic
  1598 | D:2      | Became a worshipper of Ashenzari the Shackled
  1795 | D:2      | Reached XP level 4. HP: 24/24 MP: 9/11
  2374 | D:3      | HP: 1/24 [orc priest/divine providence (15)]
  2375 | D:3      | Slain by an orc

Illustrated notes

Levels and vault maps discovered:
D:1:      minmay_arrival_three_doors, layout_basic, corexii_corridor_pit,
          due_unseen_surprise
D:2:      layout_loops_cross, nicolae_overflow_crystal_walls, serial_undead,
          serial_undead_f, serial_undead_d, serial_undead_e, serial_undead_a
D:3:      layout_loops_ring, makhleb_grotto_becter, minmay_misc_feat_roman,
          minmay_diced_spiral

Skill      XL: |  1  2  3 |
---------------+----------+-----
Stealth        | 3 |  3.4
Dodging        | 3 |  3.2
Earth Magic    | 4 |  4.4
Spellcasting   | |  3.8
Transmutations | |  1.1

Action                   |  1- 3 |  4- 6 || total
-------------------------+-------+-------++-------
Melee: Short sword       |     1 |     2 ||     3
 Cast: Sandblast         |    43 |    30 ||    73
       Passwall          |     2 |       ||     2
  Use: Scroll            |     1 |       ||     1
Armor: Leather armour    |     1 |     2 ||     3
Dodge: Dodged            |    12 |     6 ||    18
